 Dungeon Crawl Stone Soup version 0.31.0-32-g396128a36d (webtiles) character file.

Game seed: 1560051692182988755

2410 hyppocratees the Basher (level 9, -1/108 (118) HPs)
             Began as a Minotaur Berserker on Apr 12, 2024.
             Was an Elder of Trog.
             Slain by a wight
             ... wielding a +0 trident
              (14 damage)
             ... on level 7 of the Dungeon.
             The game lasted 00:19:35 (6691 turns).

hyppocratees the Basher (Minotaur Berserker)        Turns: 6691, Time: 00:19:35

HP:   -1/108 (118)  AC:  7    Str: 26    XL:     9   Next: 23%
MP:   8/8           EV: 11    Int:  4    God:    Trog [****..]
Gold: 321           SH:  0    Dex: 10    Spells: 8/8 levels left

rFire   + . .        h - +4 quarterstaff (chaos)
rCold   . . .        (shield currently unavailable)
rNeg    . . .        g - +0 ring mail
rPois   .            (helmet restricted)
rElec   .            (no cloak)
rCorr   .            (no gloves)
SInv    .            i - +0 pair of boots
Will    .....        k - amulet of faith Stlth
                     l - ring of fire
HPRegen 0.38/turn    s - ring of protection from cold
MPRegen 0.11/turn

%: faith
@: berserking, drained, very quick
A: horns 2, retaliatory headbutt
a: Renounce Religion, Berserk, Trog's Hand, Brothers in Arms


You were on level 7 of the Dungeon.
You worshipped Trog.
Trog was greatly pleased with you.
You visited 1 branch of the dungeon, and saw 7 of its levels.

You collected 321 gold pieces.

Inventory:

Hand Weapons
 a - a +0 mace
 f - a +0 hammer
 h - a +4 quarterstaff of chaos (weapon)
 v - a +3 vampiric trident
Armour
 b - a +0 animal skin
 e - a +0 tower shield
 g - a +0 ring mail (worn)
 i - a +0 pair of boots (worn)
 w - an orb of guile
Jewellery
 k - an amulet of faith (around neck)
 l - a ring of fire (left hand)
 s - a ring of protection from cold (right hand)
 t - a +6 ring of intelligence
Talismans
 A - a serpent talisman
Wands
 n - a wand of polymorph (13)
 q - a wand of quicksilver (9)
Scrolls
 d - 2 scrolls of fear
 u - a scroll of vulnerability
 y - 2 scrolls of teleportation {unknown}
Potions
 c - a potion of heal wounds
 j - 3 potions of degeneration
 m - a potion of mutation
 o - a potion of attraction
 p - a potion of brilliance
 r - a potion of haste
 x - 2 potions of curing
 z - a potion of cancellation {unknown}


   Skills:
 + Level 7.0 Fighting
 + Level 12.5 Maces & Flails
 + Level 6.3 Armour
 - Level 3.0 Dodging


You had 8 spell levels left.
You didn't know any spells.
Your spell library was empty.

Dungeon Overview and Level Annotations

Branches:
Dungeon (7/15)
 Temple: D:4-7

Altars:
Cheibriados
Dithmenos
Gozag
Okawaru
Xom
The Shining One

Shops:
D:1 *:*!

Portals:
Abyss: D:5

Annotations:
D:5 Luk's ghost, amateur DECj
D:7 Prince Ribbit


Innate Abilities, Weirdness & Mutations

You have a pair of horns on your head.
You reflexively headbutt those who attack you in melee.


Message History

There is an open door here.
y - 2 scrolls labelled HIGIUS YRGHEHY (gained 1)
You hear the steady creaking of a portcullis nearby.
You open the door.
There is an open door here.
A wight comes into view. It is wielding a +0 trident.
Prince Ribbit and 2 wights come into view.
Prince Ribbit croaks.
The wight hits you with a +0 trident!
You feel drained.
A wight comes into view. It is wielding a +3 dire flail.
The wight barely misses you.
Prince Ribbit blinks!
The wight attacks as it pursues you!
The wight hits you from afar with a +0 trident.
You feel drained.
Prince Ribbit blinks! x2
Prince Ribbit blinks!
There is an open door here.
Prince Ribbit blinks!
The wight hits you from afar with a +0 trident!
You feel drained. The wight hits you but does no damage.
You hit the wight. Your headbutt misses the wight.
The wight is moderately damaged.
The wight closely misses you. The wight hits you with a +0 trident.
You sock the wight!
The wight seems to grow stronger.
The wight is almost destroyed.
The wight hits you from afar with a +7 halberd.
You feel drained. The wight barely misses you.
You barely miss the wight.
You headbutt the wight, but do no damage.
The wight is almost destroyed.
The wight hits you from afar with a +7 halberd!!
The wight hits you with a +0 trident!
* * * LOW HITPOINT WARNING * * *
A red film seems to cover your vision as you go berserk!
You feel yourself moving faster!
You feel mighty!
The wight hits you from afar with a +7 halberd!
* * * LOW HITPOINT WARNING * * *
The wight hits you with a +0 trident!
You die...

........# #.....#..#.......####
##......#####........#.#...#.#
##...........#.......#.......#
##...........+.......#.......#
##...........#..........#....#
##.....#..........#...#.#.#######
..............#.........#'#......
##.....#..<...#..............####
........#######.@............'...
........# ###z#..........####
........# ######z##.........#
........####....#z#..........#
....###..........F............
..#.# #............)...........
..#.# #............####.#.#....#
....# #............####.#.#....
....###..............F..#.#.....


You could see Prince Ribbit and 3 wights.

Vanquished Creatures
  Jeremiah (D:6)
  A hornet (D:6)
  Grinder (D:3)
  An ice beast (D:5)
  A phantom (D:5)
  5 bullfrogs
  5 scorpions
  A howler monkey (D:6)
  An electric eel (D:6)
  3 bombardier beetles
  5 jellies
  A quasit (D:5)
  A gnoll bouda (D:5)
  6 hounds
  2 orc priests
  Crazy Yiuf (D:3)
  2 iguanas
  Natasha (thrice) (D:3)
  4 gnolls (D:5)
  9 adders
  A shadow imp (D:5)
  A white imp (D:5)
  3 dart slugs
  A ribbon worm (D:4)
  8 orcs
  2 ball pythons
  3 bats
  7 endoplasms
  3 giant cockroaches
  6 goblins
  4 hobgoblins
  4 jackals (D:4)
  6 kobolds
  3 quokkas
  3 frilled lizards
  8 rats
117 creatures vanquished.

Notes
Turn   | Place    | Note
-------+----------+-------------------------------------------
     0 | D:1      | hyppocratees the Minotaur Berserker began the quest for the
                  | Orb.
     0 | D:1      | Reached XP level 1. HP: 19/19 MP: 0/0
    74 | D:1      | Found Patoschit's General Store.
   127 | D:1      | Found Painne's Assorted Antiques.
   206 | D:1      | Reached XP level 2. HP: 27/27 MP: 1/1
   384 | D:1      | Found Remo's Distillery.
   459 | D:1      | Reached skill level 4 in Maces & Flails
   532 | D:1      | Found Tuegy's Book Emporium.
   718 | D:2      | Reached ** piety under Trog
   724 | D:2      | Reached XP level 3. HP: 33/33 MP: 2/2
  1219 | D:3      | Noticed Natasha
  1225 | D:3      | Killed Natasha
  1226 | D:3      | Reached XP level 4. HP: 41/41 MP: 3/3
  1539 | D:3      | Noticed Grinder
  1574 | D:3      | Found a runed translucent door.
  1575 | D:3      | Noticed Crazy Yiuf
  1584 | D:3      | Killed Crazy Yiuf
  1585 | D:3      | Reached skill level 5 in Maces & Flails
  1708 | D:3      | Noticed Natasha
  1715 | D:3      | Killed Natasha
  1716 | D:3      | Reached XP level 5. HP: 33/47 MP: 4/4
  1847 | D:3      | Found a glowing golden altar of the Shining One.
  1948 | D:3      | Noticed Natasha
  1955 | D:3      | Killed Natasha
  2144 | D:3      | Paralysed by Grinder for 4 turns
  2152 | D:3      | Killed Grinder
  2153 | D:3      | Reached skill level 7 in Maces & Flails
  2153 | D:3      | Reached XP level 6. HP: 53/53 MP: 5/5
  2279 | D:4      | Reached skill level 8 in Maces & Flails
  2487 | D:4      | Reached *** piety under Trog
  2531 | D:4      | Found an iron altar of Okawaru.
  2533 | D:4      | Found a shadowy altar of Dithmenos.
  2536 | D:4      | Found an opulent altar of Gozag.
  2594 | D:4      | Reached XP level 7. HP: 60/60 MP: 6/6
  2731 | D:4      | Reached skill level 9 in Maces & Flails
  3087 | D:5      | Entered Level 5 of the Dungeon
  3101 | D:5      | Noticed Luk's ghost (amateur DECj)
  3129 | D:5      | Found a transporter.
  3548 | D:5      | Reached skill level 10 in Maces & Flails
  3849 | D:5      | Reached skill level 11 in Maces & Flails
  3849 | D:5      | Reached XP level 8. HP: 44/67 MP: 7/7
  4142 | D:5      | Found a transporter.
  4155 | D:5      | Found a one-way gate to the infinite horrors of the Abyss.
  4501 | D:6      | Noticed Jeremiah
  4729 | D:6      | Reached **** piety under Trog
  4768 | D:6      | Noticed a hornet
  4771 | D:6      | Reached skill level 5 in Fighting
  4775 | D:6      | Killed a hornet
  4782 | D:6      | Reached skill level 5 in Armour
  4791 | D:6      | Reached skill level 12 in Maces & Flails
  5029 | D:6      | Killed Jeremiah
  5030 | D:6      | Reached XP level 9. HP: 78/78 MP: 8/8
  5213 | D:6      | HP: 1/78 [electric eel/bolt of electricity (7)]
  5998 | D:6      | Found a shimmering altar of Xom.
  6015 | D:6      | Found a snail-covered altar of Cheibriados.
  6674 | D:7      | Noticed Prince Ribbit
  6691 | D:7      | Slain by a wight

Illustrated notes

Levels and vault maps discovered:
D:1:      scummos_arrival_simple_fountains, layout_loops_cross, serial_shops,
          nicolae_shop_statue_plus, nicolae_shop_hallway_stairs,
          nicolae_shop_tiny_real_fake_doors, nicolae_shop_hallway_plus
D:2:      layout_rooms
D:3:      layout_loops_corners, nicolae_tso_carved_into_rock, uniq_grinder,
          uniq_natasha, uniq_crazy_yiuf_cottage
D:4:      kennysheep_big_flooded_room, layout_basic,
          grunt_temple_overflow_diamond
D:5:      layout_loops_ring, gammafunk_ghost_abyssal_escape
D:6:      layout_rooms, jmf_multi_god_temple2, chequers_big_river, uniq_jeremiah
D:7:      layout_basic, temple_hall, enter_bailey_7, uniq_prince_ribbit1,
          uniq_menkaure

Skill      XL: |  1  2  3  4  5  6  7  8  9 |
---------------+----------------------------+-----
Maces & Flails | 4 5 7 8 11 12 | 12.5
Fighting       | 4 6 7 |  7.0
Armour         | 3 5 6 |  6.3
Dodging        | 3 |  3.0

Action                     |  1- 3 |  4- 6 |  7- 9 || total
---------------------------+-------+-------+-------++-------
  Melee: Mace              |    82 |     8 |       ||    90
         Headbutt          |    12 |     6 |    25 ||    43
         Quarterstaff      |       |    47 |   173 ||   220
 Invoke: Berserk           |       |     1 |     3 ||     4
    Use: Scroll            |     5 |     1 |     5 ||    11
         Potion            |     3 |       |     2 ||     5
   Stab: Confused          |       |       |     1 ||     1
 Armour: Animal skin       |    21 |       |       ||    21
         Ring mail         |    24 |    21 |   138 ||   183
         Skin              |       |     4 |       ||     4
  Dodge: Dodged            |    47 |    26 |    84 ||   157
